AoeStats
← 聖君阿耀

African Clearing

510486453Analyzed
4v4 RM · 17h ago on Oct 1, 2026· 28m 8s· 8 players
Game mode
Random Map
Map size
Large (8 player)
Population
200
Speed
Normal
Resources
Standard
Victory
Conquest
Starting age
Dark Age
Ending age
Imperial Age
RankedLock teamsTeams togetherTeam positionsShared explorationLock speedFull tech treeHidden civsTurbo modeCheats
Victory
Defeat
🇨🇳 Khmer · China
899
+16
🇮🇳 Cumans · India
895
+16
🇭🇰 Mongols · Hong Kong SAR China
881
+17
🇨🇳 Lithuanians · China
770
+21
🇨🇳 Khmer · China
933
-19
🇦🇷 Bengalis · Argentina
911
-18
🇦🇷 Cumans · Argentina
895
-18
🇦🇺 Romans · Australia
826
-15
梦寐一秋.
18:49 Feudal Age
21:47 Gold Mining
25:57 Castle Age
27:59 Stone Mining
28:24 Bloodlines
28:15 Husbandry
27:36 Light Cavalry
聖君阿耀
5:00 Loom
18:27 Feudal Age
24:17 Castle Age
CaMelody
15:14 Feudal Age
18:37 Castle Age
17:28 Bloodlines
18:05 Double-Bit Axe
18:57 Scale Barding Armor
19:50 Husbandry
19:11 Light Cavalry
21:19 Horse Collar
22:30 Chain Barding Armor
21:41 Light Cavalry
29:00 Wheelbarrow
28:28 Heavy Plow
28:41 Bow Saw
kwik
4:12 Loom
13:50 Feudal Age
14:43 Double-Bit Axe
20:24 Wheelbarrow
24:42 Castle Age
23:49 Gold Mining
24:18 Bloodlines
24:55 Scale Barding Armor
25:01 Forging
24:36 Horse Collar
27:28 Hand Cart
26:58 Town Watch
28:59 Chain Barding Armor
ricky
5:28 Loom
14:50 Feudal Age
19:05 Castle Age
18:48 Bloodlines
23:19 Fervor
27:35 Double-Bit Axe
knoxville2049
4:17 Loom
13:47 Feudal Age
21:57 Horse Collar
23:01 Double-Bit Axe
az89
4:24 Loom
17:15 Feudal Age
17:57 Double-Bit Axe
18:54 Fishing Lines
22:54 Wheelbarrow
22:06 Town Watch
22:56 Gold Mining
電動遊戯
7:15 Loom
20:06 Feudal Age
23:41 Castle Age
21:52 Double-Bit Axe
Connection lost

Rejoining the realm…

Still unreachable

The connection could not be restored.

Session expired

The server has moved on; the page needs a fresh start.